 Dungeon Crawl Stone Soup version 0.16-a0-1982-g8124c91 (webtiles) character file.

86 RobertPalmer the Insei (level 4, 0/32 HPs)
             Began as a Demonspawn Transmuter on Nov 8, 2014.
             Was an Initiate of Ru.
             Slain by Natasha (6 damage)
             ... on level 3 of the Dungeon.
             The game lasted 00:04:01 (3452 turns).

RobertPalmer the Insei (Demonspawn Transmuter)      Turns: 3452, Time: 00:04:01

Health: 0/32       AC:  3    Str: 10    XL:     4   Next: 26%
Magic:  7/7        EV: 12    Int: 15    God:    Ru [......]
Gold:   188        SH:  0    Dex: 14    Spells: 2 memorised, 4 levels left

rFire  + . .     SeeInvis .       - Unarmed
rCold  . . .     Clarity  .     c - +0 robe
rNeg   . . .     SustAb   .     (no shield)
rPois  .         Gourm    .     (no helmet)
rElec  .         Spirit   .     s - +0 cloak (curse)
rCorr  .         Warding  .     (no gloves)
rMut   .         Stasis   .     (no boots)
MR     .....                    (no amulet)
Stlth  +.........               (no ring)
                                (no ring)

@: not resistant to hostile enchantments, very unstealthy
A: claws 1, fire resistance 1
a: Renounce Religion


You were on level 3 of the Dungeon.
You worshipped Ru.
Ru was noncommittal.
You were not hungry.

You visited 1 branch of the dungeon, and saw 3 of its levels.

You collected 188 gold pieces.


Innate Abilities, Weirdness & Mutations

You have sharp fingernails.
Your flesh is heat resistant.


   Skills:
 - Level 1.0 Fighting
 - Level 1.7 Dodging
 + Level 4.6 Unarmed Combat
 - Level 2.0 Spellcasting
 - Level 1.7 Transmutations


You had 4 spell levels left.
You knew the following spells:

 Your Spells              Type           Power        Failure   Level  Hunger
z - Beastly Appendage     Trmt           #.....       12%         1    #......
Z - Sticks to Snakes      Trmt           #.........   17%         2    ###....

Inventory:

Missiles
 b - 12 arrows
Armour
 c - a +0 robe (worn)
 o - a +0 centaur barding
 s - a cursed +0 cloak (worn)
Scrolls
 g - 2 scrolls of recharging {unknown}
 j - 4 scrolls of identify {unknown}
 r - a scroll of remove curse {unknown}
Potions
 e - a potion of mutation {unknown}
 h - a potion of lignification {unknown}
 i - a potion of resistance {unknown}
 k - a potion of haste
 l - 2 potions of restore abilities {unknown}
 m - 2 potions of heal wounds {unknown}
 n - a potion of curing {unknown}
 p - a potion of might {unknown}
 q - a potion of poison {unknown}
Books
 d - a book of Changes
Comestibles
 a - 3 bread rations
 f - a royal jelly

Dungeon Overview and Level Annotations

Branches:
Dungeon (3/15)

Altars:
Qazlal
Ru

Annotations:
D:3 Natasha

# # ### . # #. ...
.......#### #. #..
........... #.
#.#####.....#.####
#####.##.##........#+####
#......#h##.....##.....).
#......#@##.....##.......
#......#.##.....##.......
###....<..........##.......
.........#.##.....##.......
..............#.####.......
....#####>................
... #.##.#.########### .
#.##.#.# ##...รท#.#


You could see Natasha (bleeding).


Message History

There is a stone staircase leading down here.
You closely miss the goblin. The goblin hits you.
Natasha, Servant of Life and Death comes into view.
You claw the goblin!
You kill the goblin!
Natasha stares at you and mumbles some strange words.
The magic dart hits you!
You scratch Natasha.
Natasha is moderately wounded.
Natasha claws you!
You scratch Natasha.
Natasha is heavily wounded.
Natasha claws you.
* * * LOW HITPOINT WARNING * * *
You miss Natasha.
Natasha is heavily wounded.
Natasha casts a spell at you. The magic dart hits you!
* * * LOW HITPOINT WARNING * * *
You closely miss Natasha.
Natasha is heavily wounded.
Natasha growls.
Natasha misses you.
You scratch Natasha.
Natasha is severely wounded.
Natasha drinks a potion.
Natasha seems to speed up.
You barely miss Natasha.
Natasha is severely wounded.
Natasha claws you.
You die...

Action                   |  1- 3 |  4- 6 || total
-------------------------+-------+-------++-------
Melee: Unarmed           |   177 |    30 ||   207
 Stab: Sleeping          |     2 |       ||     2
  Eat: Chunk             |     6 |     2 ||     8

Vault maps used:
D:1:      dpeg_arrival_pond, minivault_5, wad_floor_pattern_1, minivault_14,
          minmay_crystal_room
D:2:      lemuel_doored_altar, nicolae_ru_sacrificial_ziggurat, first_bread
D:3:      yredelemnul_altar_generic, hangedman_decor_push, feat_on_display,
          uniq_iyjb, uniq_natasha

Notes
Turn   | Place    | Note
--------------------------------------------------------------
     0 | D:1      | RobertPalmer, the Demonspawn Transmuter, began the quest for the Orb.
     0 | D:1      | Reached XP level 1. HP: 15/15 MP: 3/3
   467 | D:1      | Reached skill level 3 in Unarmed Combat
   801 | D:1      | Gained mutation: Your flesh is heat resistant. [demonic ancestry]
   801 | D:1      | Reached XP level 2. HP: 19/21 MP: 4/4
  1643 | D:2      | Learned a level 2 spell: Sticks to Snakes
  2195 | D:2      | Gained mutation: You have sharp fingernails. [demonic ancestry]
  2195 | D:2      | Reached XP level 3. HP: 19/26 MP: 6/6
  2310 | D:2      | Found a stormy altar of Qazlal.
  2378 | D:2      | Reached skill level 4 in Unarmed Combat
  2773 | D:2      | Found a sacrificial altar of Ru.
  2785 | D:2      | Became a worshipper of Ru the Awakened
  2850 | D:2      | Reached XP level 4. HP: 19/32 MP: 7/7
  3444 | D:3      | Noticed Natasha
  3452 | D:3      | Slain by Natasha

Vanquished Creatures
  2 adders (D:2)
  2 worms (D:2)
  2 giant geckos
  An ooze (D:2)
  A ball python (D:3)
  8 bats
  2 giant cockroaches (D:1)
  8 goblins
  8 hobgoblins
  2 jackals (D:2)
  8 kobolds
  3 giant newts
  3 rats
50 creatures vanquished.
